Map: Dusk Towers

Players

Zan - Winner!

  • Race: Terran Terran
  • League: Grandmaster

xKawaiian

  • Race: Terran Terran
  • League: Master

VOD

Have the link to the VOD?

Description

Time

  • Played on: Jan. 13, 2016, 7:47 a.m.
  • Length: 6:23
Show
View Real Time Build Order
Export as new Build Order

Zan Terran - Winner!

Build Orders: Reaper Expand 

Get SALT Encoding   

  12  0:00  SCV  
  13  0:12  SCV  
  14  0:17  Supply Depot  
  14  0:25  SCV  
  15  0:39  SCV  
  15  0:42  Barracks  
  16  0:46  Refinery  
  16  0:51  SCV  
  17  1:03  SCV  
  18  1:15  SCV  
  19  1:29  Orbital Command  
  19  1:30  Reaper  
  20  1:46  Command Center  
  20  2:00  SCV  
  20  2:01  Supply Depot  
  21  2:02  Marine  
  22  2:12  Factory  
  22  2:13  SCV  
  23  2:21  Refinery  
  22  2:25  SCV  
  22  2:26  Barracks Reactor  
  23  2:37  SCV  
  24  2:49  SCV  
  25  2:56  Factory Tech Lab  
  25  2:59  Orbital Command  
  25  3:00  Starport  
  25  3:01  SCV  
  25  3:03  Marine  
  25  3:04  Marine  
  28  3:13  SCV  
  28  3:21  Marine x2  
  28  3:25  SCV  
  28  3:27  Cyclone  
  34  3:30  Supply Depot  
  34  3:35  SCV  
  34  3:39  Marine x2  
  37  3:41  Viking  
  37  3:44  SCV, Supply Depot  
  40  3:50  SCV  
  41  3:56  SCV  
  41  3:57  Marine x2  
  44  4:07  Siege Tank  
  44  4:09  Supply Depot  
  47  4:10  SCV x2  
  47  4:11  Supply Depot  
  43  4:31  SCV x2  
  43  4:33  Marine x2  
  41  4:39  Siege Tank  
  41  4:42  Viking  
  41  4:43  SCV  
  41  4:44  SCV  
  47  4:51  Marine x2  
  49  4:56  SCV x2  
  49  5:08  SCV  
  49  5:09  Marine  
  49  5:12  Viking  
  54  5:17  SCV, Marine  
  54  5:20  SCV  
  54  5:21  Siege Tank  
  58  5:29  SCV  
  58  5:31  Barracks  
  58  5:32  SCV  
  54  5:41  SCV  
  52  5:44  SCV  
  53  5:57  Barracks Tech Lab  
  53  6:00  Engineering Bay  
  53  6:02  Barracks  
  53  6:03  SCV, Barracks  
  53  6:04  SCV  
  55  6:20  Barracks Reactor  
Show
View Real Time Build Order
Export as new Build Order

xKawaiian Terran 

Build Orders: 1/1/1, Cyclone Opening 

Get SALT Encoding   

  12  0:00  SCV  
  13  0:12  SCV  
  14  0:17  Supply Depot  
  14  0:25  SCV  
  15  0:39  SCV  
  15  0:40  Barracks  
  16  0:46  Refinery  
  16  0:51  SCV  
  16  0:53  Refinery  
  17  1:03  SCV  
  18  1:15  SCV  
  19  1:29  Orbital Command  
  19  1:31  Marine  
  20  1:33  Factory  
  20  1:43  Supply Depot  
  20  1:49  Marine  
  21  1:54  SCV  
  22  2:06  SCV, Marine  
  24  2:18  SCV  
  24  2:21  Factory Tech Lab, Starport  
  25  2:28  Supply Depot, Marine  
  26  2:35  SCV  
  27  2:40  Cyclone  
  30  2:46  Marine  
  30  2:50  SCV  
  32  2:52  Supply Depot  
  32  2:58  Medivac  
  32  3:02  SCV  
  32  3:04  Marine  
  36  3:15  Liberator  
  36  3:17  Siege Tank  
  39  3:22  SCV, Supply Depot, Marine  
  44  3:37  SCV  
  44  3:40  Marine  
  46  3:45  Supply Depot  
  46  3:49  SCV  
  47  3:55  Siege Tank  
  50  4:13  Marine  
  51  4:17  Command Center  
  46  4:26  SCV  
  46  4:28  Siege Tank  
  46  4:30  Marine  
  44  4:39  Medivac  
  46  4:48  Marine  
  47  4:55  Barracks  
  46  5:05  Barracks  
  47  5:11  Siege Tank  
  50  5:22  Barracks Reactor  
  50  5:24  SCV  
  50  5:25  Starport Reactor  
  47  5:36  SCV  
  40  5:43  Siege Tank  
  40  5:44  Orbital Command  
  40  5:48  SCV  
  40  5:49  Barracks Tech Lab  
  44  5:55  Barracks Reactor  
  44  6:00  SCV  
  44  6:01  Marine x2  
  47  6:09  Refinery  
  47  6:10  Refinery  
  47  6:11  SCV  
Tags
 
Add a new tag
Caveats
  • Supply blocks, unpowered buildings, or Contaminate may cause inaccurate times.
  • Supply counts are checked every 10 seconds.